 Dungeon Crawl Stone Soup version 0.19-a0-722-g27ac516 (webtiles) character file.

1540 mopl the Grappler (level 8, -3/73 HPs)
             Began as a Naga Transmuter on June 21, 2016.
             Was an Initiate of Cheibriados.
             Slain by tstbtto's ghost (15 damage)
             ... on level 6 of the Dungeon.
             The game lasted 00:13:19 (5525 turns).

mopl the Grappler (Naga Transmuter)                 Turns: 5525, Time: 00:13:20

Health: -3/73      AC:  2    Str: 19    XL:     8   Next: 86%
Magic:  7/11       EV: 33    Int: 16    God:    Cheibriados [......]
Gold:   432        SH:  2    Dex: 23    Spells: 4 memorised, 1 level left

rFire  + . .     SeeInvis +       - Unarmed
rCold  + . .     Gourm    .     (armour currently unavailable)
rNeg   . . .     Faith    .     (shield currently unavailable)
rPois  .         Spirit   .     (helmet currently unavailable)
rElec  +         Dismiss  .     (cloak currently unavailable)
rCorr  +         Reflect  +     (gloves currently unavailable)
SustAt .         Harm     .     (no barding)
MR     +....                    n - +2 amulet of reflection
Stlth  +++.......               o - ring of wizardry
                                i - +5 ring of evasion

@: mighty, agile, spider-form, resistant, very slow, somewhat resistant to
hostile enchantments, fairly stealthy
A: see invisible, (deformed body), (poison resistance), (slowness 0), slow
metabolism 1, spit poison 2, AC +2
a: Spit Poison, End Transformation, Bend Time, Renounce Religion


You were on level 6 of the Dungeon.
You worshipped Cheibriados.
Cheibriados was noncommittal.
You were hungry.
You were a venomous arachnid creature.
You visited 2 branches of the dungeon, and saw 7 of its levels.
You also visited: Sewer.

You collected 432 gold pieces.

Inventory:

Hand Weapons
 u - a cursed -3 blowgun
Missiles
 a - 104 arrows
 h - 64 poisoned needles
 s - 6 javelins
 v - 5 tomahawks (quivered)
 G - 6 needles of sleeping
Armour
 b - a +0 robe (melded)
 k - a +0 helmet (melded)
Magical Staves
 t - an uncursed staff of wizardry {!a}
Jewellery
 i - a +5 ring of evasion (left front leg)
 n - a +2 amulet of reflection (around neck)
 o - a ring of wizardry (right front leg)
Wands
 y - a wand of random effects (20/48)
 K - a wand of iceblast (4/15)
Scrolls
 e - a scroll of enchant weapon {unknown}
 f - 3 scrolls of immolation {unknown}
 g - 3 scrolls of teleportation
 j - 2 scrolls of blinking {unknown}
 q - 2 scrolls of fear {unknown}
 r - 2 scrolls of remove curse
 D - a scroll of enchant armour {unknown}
 I - a scroll of silence {unknown}
 J - 2 scrolls of acquirement {unknown}
 Q - a scroll of magic mapping {unknown}
Potions
 l - 2 potions of curing
 p - a potion of agility
 C - a potion of ambrosia
 E - a potion of cure mutation {!q}
 H - a potion of cancellation {unknown}
 L - a potion of flight
 M - a potion of heal wounds {unknown}
 N - a potion of brilliance {unknown}
Books
 c - a book of Changes

   Spells                             Type                      Level
   a - Beastly Appendage              Transmutation                1
   b - Sticks to Snakes               Transmutation                2
   c - Spider Form                    Transmutation/Poison         3
   d - Ice Form                       Ice/Transmutation            4
   e - Blade Hands                    Transmutation                5
 F - a book of Summonings

   Spells                             Type                      Level
   a - Recall                         Summoning/Translocation      3
   b - Aura of Abjuration             Summoning                    5
   c - Summon Demon                   Summoning                    5
   d - Summon Forest                  Summoning/Translocation      5
   e - Summon Mana Viper              Hexes/Summoning              5
   f - Shadow Creatures               Summoning                    6
Comestibles
 d - 8 bread rations
 m - 5 meat rations
 x - a beef jerky
 z - 11 fruits
 A - a slice of pizza
 O - a royal jelly
 P - 10 chunks of flesh


   Skills:
 + Level 4.5 Fighting
 + Level 4.1 Dodging
 * Level 8.4 Unarmed Combat
 - Level 2.0 Spellcasting
 - Level 3.4 Transmutations
 - Level 1.0 Poison Magic
 + Level 1.2 Invocations


You had one spell level left.
You knew the following spells:

 Your Spells              Type           Power        Failure   Level  Hunger
a - Beastly Appendage     Tmut           ##....       9%          1    #......
b - Spider Form           Tmut/Pois      #.........   22%         3    ###....
d - Ice Form              Ice/Tmut       #.......     77%         4    #####..
w - Sticks to Snakes      Tmut           ##......     10%         2    ###....


Dungeon Overview and Level Annotations

Branches:
Dungeon (6/15)             Temple (1/1) D:6

Altars:
Ashenzari
Cheibriados
Dithmenos
Elyvilon
Fedhas
Gozag
Kikubaaqudgha
Nemelex Xobeh
Okawaru
Pakellas
Qazlal
Ru
Sif Muna
Trog
Uskayaw
Vehumet
Xom
Zin
The Shining One

Annotations:
D:6 tstbtto's ghost, novice DDFi


Innate Abilities, Weirdness & Mutations

You cannot wear boots.
((Your serpentine skin is tough. (AC +2)))
You have supernaturally acute eyesight. (SInv)
((Armour fits poorly on your strangely shaped body.))
((Your system is resistant to poisons. (rPois)))
((You cover ground very slowly.))
You have a slow metabolism.
You can spit poison.


Message History

* * * LOW HITPOINT WARNING * * *
You feel agile all of a sudden.
Tstbtto's ghost hits you but does no damage.
You hit tstbtto's ghost.
Tstbtto's ghost is severely damaged.
You hit tstbtto's ghost.
Tstbtto's ghost is severely damaged.
Tstbtto's ghost completely misses you.
You hit tstbtto's ghost but do no damage.
Tstbtto's ghost is severely damaged.
Your transformation has ended.
Your +0 helmet unmelds from your body.
Your +0 robe unmelds from your body.
Tstbtto's ghost hits you.
* * * LOW HITPOINT WARNING * * *
Casting: Spider Form
Confirm with . or Enter, or press ? or * to list all spells.
You turn into a venomous arachnid creature.
Your +0 helmet melds into your body.
Your +0 robe melds into your body.
Tstbtto's ghost hits you!
You die...

##...# ##..###
#..## ###.##
######...#
##...#..###
####..#...##
#.##....######
#ssWs####
######


You could see 2 scorpions and tstbtto's ghost.

Vanquished Creatures
  2 ice beasts
  The ghost of mopl the Ruffian, an amateur NaTm (D:3)
  A black bear (D:6)
  3 ogres
  2 centaurs
  A big kobold (Sewer)
  2 giant frogs (D:6)
  A scorpion (D:6)
  3 hounds (D:4)
  A centaur skeleton (D:4)
  A giant frog zombie (D:5)
  2 giant frog skeletons
  Ijyb (D:4)
  A worker ant zombie (D:5)
  4 gnolls (D:5)
  12 adders
  2 river rats (Sewer)
  2 adder skeletons
  3 worms (D:6)
  5 dart slugs
  4 giant geckos
  6 orcs (D:3)
  3 giant cockroaches
  8 hobgoblins
  9 jackals
  14 kobolds
  3 quokkas
  2 ball pythons
  13 bats
  2 giant newts
  11 goblins
  7 rats
132 creatures vanquished.

Notes
Turn   | Place    | Note
--------------------------------------------------------------
     0 | D:1      | mopl the Naga Transmuter began the quest for the Orb.
     0 | D:1      | Reached XP level 1. HP: 18/18 MP: 3/3
   185 | D:1      | Reached XP level 2. HP: 11/25 MP: 3/5
   195 | D:1      | Learned a level 2 spell: Sticks to Snakes
   731 | D:2      | Reached skill level 4 in Unarmed Combat
   731 | D:2      | Reached XP level 3. HP: 31/31 MP: 4/6
   736 | D:2      | Learned a level 3 spell: Spider Form
   740 | D:2      | Found an ancient bone altar of Kikubaaqudgha.
  1124 | D:2      | Reached skill level 1 in Poison Magic
  1210 | D:2      | Found a shattered altar of Ashenzari.
  1426 | D:2      | Reached XP level 4. HP: 15/38 MP: 4/7
  1928 | D:3      | Noticed mopl's ghost (amateur NaTm)
  1928 | D:3      | Found a snail-covered altar of Cheibriados.
  1972 | D:3      | Killed mopl's ghost
  1972 | D:3      | Reached skill level 5 in Unarmed Combat
  1972 | D:3      | Reached skill level 3 in Transmutations
  1972 | D:3      | Reached XP level 5. HP: 29/44 MP: 5/8
  2541 | D:3      | Found an iron altar of Okawaru.
  2688 | D:4      | Found an opulent altar of Gozag.
  2719 | D:4      | Reached XP level 6. HP: 48/51 MP: 5/9
  3068 | D:4      | Reached skill level 2 in Dodging
  3146 | D:4      | Reached skill level 2 in Fighting
  3146 | D:4      | Reached skill level 6 in Unarmed Combat
  3512 | D:4      | Noticed Ijyb
  3528 | D:4      | Killed Ijyb
  3594 | D:4      | Reached XP level 7. HP: 61/61 MP: 6/10
  3673 | D:4      | Learned a level 4 spell: Ice Form
  3837 | D:5      | Entered Level 5 of the Dungeon
  3918 | D:5      | Reached skill level 3 in Fighting
  3959 | D:5      | Reached skill level 3 in Dodging
  3965 | D:5      | Reached skill level 7 in Unarmed Combat
  4232 | D:5      | Reached XP level 8. HP: 66/69 MP: 7/11
  4442 | D:6      | Found a staircase to the Ecumenical Temple.
  4491 | Temple   | Entered the Ecumenical Temple
  4670 | D:6      | Found a glowing drain.
  4694 | Sewer    | Entered a sewer
  4786 | Sewer    | Reached skill level 4 in Fighting
  4786 | Sewer    | Reached skill level 8 in Unarmed Combat
  4809 | Sewer    | Found a white marble altar of Elyvilon.
  4924 | D:6      | Found a blossoming altar of Fedhas.
  5188 | D:3      | Became a worshipper of Cheibriados the Contemplative
  5398 | D:6      | Reached skill level 4 in Dodging
  5401 | D:6      | Reached skill level 1 in Invocations
  5507 | D:6      | Noticed tstbtto's ghost (novice DDFi)
  5525 | D:6      | Slain by tstbtto's ghost

Vault maps used:
D:1:      dpeg_arrival_tiny_a
D:2:      nicolae_overflow_crystal_walls, ashenzari_altar_1
D:3:      cheibriados_altar_1, old_standard_altar
D:4:      kennysheep_the_goblin_king,
          nicolae_gozag_cash_rules_everything_around_me,
          guppyfry_early_lair_pool
D:5:      first_bread
D:6:      old_forge, overflow_temple_1_default, portal_sewer_entry_b
Temple:   oiseaux_autumnal_temple
Sewer:    sewer_kobolds

Skill      XL: |  1  2  3  4  5  6  7  8 |
---------------+-------------------------+-----
Unarmed Combat | 4 5 6 7 8 |  8.4
Poison Magic   | 1 |  1.0
Transmutations | 3 |  3.4
Dodging        | 2 3 4 |  4.1
Fighting       | 2 3 4 |  4.5
Invocations    | 1 |  1.2
Spellcasting   | |  2.0

Action                   |  1- 3 |  4- 6 |  7- 9 || total
-------------------------+-------+-------+-------++-------
Melee: Unarmed           |   122 |   183 |   186 ||   491
       Headbutt          |     4 |       |       ||     4
       Punch             |       |     2 |     2 ||     4
 Cast: Beastly Appendage |    11 |       |       ||    11
       Spider Form       |     1 |    15 |    17 ||    33
 Abil: Spit Poison       |    12 |     7 |     4 ||    23
       End Transformatio |       |     1 |       ||     1
  Use: Scroll            |     4 |     3 |     2 ||     9
       Potion            |       |       |     5 ||     5
 Stab: Sleeping          |       |       |     1 ||     1
  Eat: Chunk             |     2 |     8 |     8 ||    18
Armor: Robe              |     8 |    20 |     8 ||    36
       Skin              |     2 |     4 |     5 ||    11
Dodge: Dodged            |   103 |   178 |   152 ||   433
Block: Other             |     5 |     8 |    13 ||    26
       Reflection        |       |     1 |       ||     1
